Map: Darkness Sanctuary LE

Players

FiatPunto

  • Race: Terran Terran
  • League: Gold
  • Spawn Location: 1:00

Dani - Winner!

  • Race: Protoss Protoss
  • Spawn Location: 11:00

VOD

Have the link to the VOD?

Description

Time

  • Played on: July 17, 2018, 7:09 a.m.
  • Length: 36:15
Show
View Real Time Build Order
Export as new Build Order

FiatPunto Terran 

Build Orders:  

Get SALT Encoding   

  12  0:01  SCV  
  13  0:13  SCV  
  14  0:20  Supply Depot  
  14  0:25  SCV  
  15  0:35  Refinery  
  15  0:46  Barracks  
  15  0:47  SCV  
  16  0:59  SCV  
  17  1:08  Supply Depot  
  17  1:11  SCV  
  18  1:23  SCV  
  19  1:34  Reaper  
  19  1:35  SCV  
  21  1:48  SCV  
  22  2:00  SCV  
  23  2:02  Command Center  
  23  2:05  Marine  
  24  2:12  SCV  
  25  2:16  Barracks  
  25  2:26  Bunker  
  25  2:51  SCV  
  25  2:53  Marine  
  27  3:06  Barracks, Command Center  
  27  3:11  Marine, Barracks Reactor  
  28  3:18  Orbital Command  
  28  3:28  Engineering Bay  
  28  3:33  Barracks Reactor  
  28  3:42  Supply Depot  
  28  3:48  Orbital Command  
  28  3:54  SCV  
  29  3:58  Missile Turret  
  29  4:06  Missile Turret  
  29  4:15  Barracks Tech Lab  
  29  4:16  Supply Depot, Marine x2  
  31  4:20  SCV  
  32  4:26  SCV  
  32  4:31  Orbital Command  
  33  4:32  SCV  
  33  4:36  Stimpack  
  34  4:41  Marine  
  35  4:46  Missile Turret  
  35  4:50  SCV x2  
  37  4:56  Hi-Sec Auto Tracking  
  37  4:58  Marine x2  
  37  4:59  Marine x2  
  41  5:02  SCV  
  41  5:03  SCV  
  41  5:04  Refinery  
  43  5:12  Missile Turret  
  43  5:14  SCV  
  44  5:23  Supply Depot  
  44  5:30  Command Center  
  44  5:34  Missile Turret  
  44  5:41  Refinery  
  44  5:43  Refinery  
  44  5:45  Marine x5  
  49  5:52  Factory  
  49  5:55  Missile Turret  
  49  5:57  Structure Armor  
  49  6:02  Marine  
  50  6:12  Command Center  
  50  6:19  Engineering Bay  
  50  6:23  Marine x5  
  55  6:36  Factory Tech Lab  
  55  6:41  Marine x2  
  55  6:44  Orbital Command  
  55  6:46  Armory  
  57  6:52  Command Center  
  57  7:03  Siege Tank  
  60  7:15  Starport  
  59  7:16  Marine x3  
  59  7:17  Marine  
  62  7:29  Orbital Command  
  62  7:31  Terran Infantry Weapons Level 1  
  62  7:35  Siege Tank  
  65  7:37  Terran Infantry Armor Level 1  
  65  7:49  Barracks  
  65  7:52  Barracks  
  65  8:04  Starport Reactor  
  65  8:10  Starport  
  65  8:24  Siege Tank  
  68  8:27  Planetary Fortress  
  68  8:30  SCV x4  
  68  8:31  SCV  
  68  8:32  Missile Turret  
  73  8:38  Barracks  
  73  8:42  SCV x3  
  76  8:51  Missile Turret  
  76  8:52  Missile Turret  
  76  8:56  Siege Tank  
  76  9:00  Starport  
  76  9:01  Starport Tech Lab  
  79  9:03  Medivac x2  
  79  9:09  Barracks Reactor x2  
  83  9:11  Missile Turret  
  83  9:14  Missile Turret  
  83  9:19  Refinery  
  83  9:21  Refinery  
  83  9:26  Supply Depot  
  83  9:27  Supply Depot  
  83  9:30  Missile Turret, Supply Depot  
  83  9:32  Medivac  
  83  9:33  Medivac  
  83  9:36  Barracks Reactor  
  86  9:39  SCV x3  
  86  9:40  SCV x2  
  91  9:52  Missile Turret  
  91  9:53  Supply Depot x2  
  91  9:55  Supply Depot  
  91  9:57  Starport  
  91  10:02  Starport Tech Lab  
  91  10:04  Fusion Core  
  91  10:05  Terran Infantry Armor Level 2, Terran Infantry Weapons Level 2  
  91  10:08  Terran Vehicle And Ship Armor Level 1  
  91  10:12  Marine x2  
  91  10:13  Marine x6  
  91  10:14  Marine  
  100  10:44  Marine x4  
  100  10:45  Marine x6  
  100  10:46  Marine  
  100  10:47  Starport Tech Lab  
  111  10:50  Starport  
  111  10:55  Armory  
  111  11:02  Marine, Liberator x5  
  112  11:15  Command Center  
  91  11:21  Advanced Ballistics  
  106  11:25  Combat Shield  
  106  11:28  Starport Tech Lab  
  106  11:30  Starport  
  106  11:44  Liberator  
  106  11:53  Command Center  
  109  12:10  Factory Tech Lab  
  109  12:11  Marine x4  
  109  12:12  Marine x4  
  109  12:13  Starport Tech Lab, Command Center  
  117  12:21  Battlecruiser x2  
  129  12:27  Missile Turret  
  129  12:28  Planetary Fortress  
  129  12:48  Refinery, Missile Turret  
  129  12:52  Siege Tank  
  129  12:56  Missile Turret  
  132  12:58  Refinery  
  132  13:09  Missile Turret  
  132  13:14  Orbital Command  
  132  13:18  Missile Turret, Marine  
  132  13:19  Marine x6  
  138  13:20  Marine  
  138  13:23  Battlecruiser x3  
  158  13:27  Terran Ship Weapons Level 1  
  158  13:29  Marine x3  
  161  13:35  Planetary Fortress  
  161  13:36  Marine x2  
  161  13:37  Marine  
  164  14:00  Marine  
  164  14:01  Marine x3  
  131  14:59  Marine  
  131  15:00  Marine x6  
  131  15:01  Marine  
  131  15:04  Battlecruiser x3  
  131  15:05  Raven  
  131  15:06  Battlecruiser  
  156  15:37  Medivac x2  
  160  15:48  Battlecruiser  
  166  15:55  Terran Infantry Armor Level 3  
  166  15:56  Terran Infantry Weapons Level 3  
  166  15:58  Marine x3  
  166  15:59  Marine x6, Command Center  
  166  16:00  Missile Turret  
  166  16:02  Missile Turret  
  175  16:07  Medivac x2  
  175  16:08  Battlecruiser  
  179  16:18  Terran Ship Weapons Level 2, Terran Vehicle And Ship Armor Level 2  
  179  16:21  Missile Turret  
  179  16:50  Raven, Battlecruiser  
  179  16:52  Marine x4  
  179  16:53  Marine x4  
  195  17:05  Factory  
  195  17:07  Factory  
  195  17:16  Missile Turret  
  195  17:21  Refinery  
  195  17:22  Refinery  
  195  17:28  Missile Turret  
  195  17:32  Planetary Fortress  
  195  17:35  Missile Turret  
  191  17:48  Missile Turret  
  191  17:50  Missile Turret  
  191  17:54  Missile Turret  
  191  18:00  Factory Reactor x2  
  191  18:03  Rapid Fire Launchers  
  191  18:08  Missile Turret  
  191  18:09  Missile Turret  
  191  18:23  Weapon Refit  
  191  18:25  Corvid Reactor  
  191  18:27  Missile Turret  
  191  18:28  Missile Turret  
  191  18:32  Neosteel Frame  
  191  18:33  Raven x3  
  197  18:46  Missile Turret  
  167  19:31  Cyclone x2  
  167  19:32  Cyclone x3  
  167  19:36  Marine  
  167  19:37  Marine x6  
  167  19:38  Marine x4  
  179  19:54  Marine x2  
  179  19:55  Marine x3  
  183  20:03  Cyclone  
  183  20:04  Cyclone x4  
  189  20:35  Marine x5  
  188  20:36  Cyclone x2, Marine  
  188  20:41  Terran Ship Weapons Level 3  
  188  20:42  Terran Vehicle And Ship Armor Level 3  
  137  21:30  Marine x6  
  137  21:31  Marine x5  
  121  21:33  Battlecruiser x4  
  121  21:34  Battlecruiser  
  148  21:47  Marine  
  149  22:37  Raven x3  
  149  22:38  Battlecruiser x2  
  167  22:50  Command Center  
  164  23:12  Marine x3  
  165  23:13  Marine x6  
  165  23:14  Marine x2  
  165  23:17  Cyclone  
  165  23:18  Cyclone x2  
  165  23:19  Terran Vehicle Weapons Level 1  
  184  23:20  Battlecruiser x2  
  184  23:24  Drilling Claws  
  196  23:28  Refinery x2  
  196  23:30  Marine x4  
  200  24:04  Missile Turret, Planetary Fortress  
  195  24:25  Missile Turret  
  192  24:40  Widow Mine x2  
  192  24:41  Widow Mine x2  
  197  24:46  Missile Turret  
  197  25:13  Command Center  
  194  25:17  Missile Turret x2  
  194  25:20  Missile Turret  
  172  25:46  Marine  
  172  25:47  Marine x6  
  172  25:48  Marine x4  
  186  25:50  Cyclone x5  
  186  25:53  Terran Vehicle Weapons Level 2  
  186  26:17  Battlecruiser  
  186  26:18  Battlecruiser  
  178  26:54  Marine  
  178  26:55  Marine x6  
  178  26:56  Marine x4  
  178  26:58  Siege Tank  
  178  27:00  Cyclone x4  
  198  27:08  Planetary Fortress  
  198  27:09  Refinery  
  198  27:13  Refinery  
  168  27:30  Siege Tank  
  168  27:32  Battlecruiser x4  
  188  27:57  Marine  
  188  27:58  Marine x6  
  186  27:59  Marine x4  
  186  28:02  Siege Tank  
  190  28:15  Marine x2  
  190  28:16  Marine x6  
  190  28:17  Marine x2  
  188  29:04  Battlecruiser x2  
  192  29:45  Marine x6  
  173  29:46  Marine x5  
  181  29:54  Cyclone x4  
  181  29:55  Cyclone  
  196  30:02  Marine, Command Center  
  196  30:03  Marine x3  
  200  30:08  Terran Vehicle Weapons Level 3  
  198  30:26  Cyclone x3  
  180  30:58  Cyclone  
  182  31:06  Marine x4  
  182  31:07  Marine x5  
  182  31:10  Siege Tank  
  188  31:42  Siege Tank  
  181  32:14  Siege Tank  
  151  32:44  Command Center  
  148  32:57  Marine x4  
  148  32:58  Marine x6  
  154  33:03  Cyclone x5  
  173  33:18  Missile Turret  
  173  33:19  Missile Turret x2  
  173  33:20  Missile Turret  
  173  33:35  Cyclone x4  
  179  33:49  Command Center  
  179  33:53  Marine  
  179  33:54  Marine x6  
  179  33:55  Marine x4  
  188  33:57  Cyclone  
  192  34:06  Refinery  
  192  34:07  Refinery, Cyclone x2  
  192  34:08  Planetary Fortress  
Show
View Real Time Build Order
Export as new Build Order

Dani Protoss - Winner!

Build Orders:  

Get SALT Encoding   

  12  0:00  Probe  
  13  0:13  Probe  
  14  0:18  Pylon  
  14  0:25  Probe  
  15  0:34  Assimilator  
  15  0:38  Probe  
  16  0:45  Gateway  
  16  0:57  Probe  
  16  1:02  Assimilator  
  17  1:05  Probe  
  18  1:14  Probe  
  19  1:26  Probe  
  19  1:29  Gateway  
  20  1:38  Cybernetics Core, Probe  
  21  1:50  Probe  
  22  2:02  Probe  
  22  2:07  Warp Gate, Pylon  
  23  2:12  Pylon  
  23  2:16  Forge  
  23  2:17  Stalker  
  22  3:01  Probe  
  22  3:02  Protoss Ground Weapons Level 1  
  23  3:08  Stalker  
  23  3:09  Pylon  
  23  3:13  Probe  
  26  3:27  Stalker  
  28  3:42  Photon Cannon  
  28  4:24  Nexus  
  28  4:26  Pylon  
  28  4:27  Pylon  
  28  4:31  Pylon  
  28  4:34  Stalker  
  30  4:50  Robotics Facility  
  30  5:10  Stalker  
  30  5:11  Stalker  
  34  5:16  Probe  
  35  5:24  Probe  
  36  5:32  Probe  
  36  5:40  Probe  
  37  5:42  Probe  
  37  5:48  Probe  
  39  5:51  Photon Cannon  
  39  5:55  Shield Battery x2  
  40  5:58  Probe x2  
  42  6:04  Sentry x2  
  42  6:09  Observer  
  42  6:10  Probe  
  48  6:24  Twilight Council  
  48  6:30  Observer  
  49  6:35  Gateway  
  49  6:36  Gateway  
  49  6:39  Gateway  
  49  6:41  Probe x2  
  51  6:53  Probe x2  
  53  6:54  Sentry x2  
  57  7:02  Assimilator  
  57  7:04  Assimilator  
  57  7:45  Probe  
  57  7:47  Probe  
  59  7:57  Probe  
  60  7:59  Probe  
  61  8:08  Immortal  
  61  8:09  Probe  
  61  8:11  Probe  
  67  8:21  Probe  
  67  8:22  Blink  
  68  8:28  Robotics Facility  
  68  8:33  Pylon  
  68  8:36  Pylon  
  68  8:39  Pylon  
  68  8:42  Gateway x2  
  68  8:44  Gateway  
  68  8:47  Immortal, Gateway  
  72  8:49  Gateway  
  72  8:50  Photon Cannon  
  72  8:55  Protoss Ground Weapons Level 2  
  72  9:00  Probe  
  73  9:05  Templar Archives  
  73  9:12  Probe  
  74  9:27  Immortal  
  78  9:41  Nexus  
  78  9:42  Pylon  
  78  9:45  Pylon  
  78  9:53  Sentry x3  
  78  9:54  Sentry x5  
  78  9:55  Adept x2  
  98  10:04  Shield Battery  
  98  10:06  Shield Battery  
  98  10:33  High Templar  
  98  10:34  High Templar x4  
  108  10:38  Archon x2  
  108  10:40  High Templar  
  110  10:44  Archon  
  110  10:48  Photon Cannon  
  110  10:49  Photon Cannon  
  110  10:53  Pylon  
  110  10:55  Probe x3  
  113  11:07  Probe x3  
  112  11:19  Probe x3  
  115  11:26  Shield Battery x2  
  115  11:29  Assimilator, High Templar x2  
  115  11:31  Probe x3  
  122  11:32  Assimilator  
  122  11:33  Archon  
  122  11:43  Probe x3  
  125  11:49  Robotics Bay  
  125  11:52  Stargate, Protoss Air Weapons Level 1  
  125  11:55  Probe x2  
  125  11:56  Probe  
  128  12:11  Immortal x2  
  136  12:20  Protoss Ground Weapons Level 3  
  136  12:34  Stalker x4  
  143  12:49  Gravitic Boosters  
  143  13:08  Nexus, Photon Cannon  
  143  13:11  Pylon, Photon Cannon  
  143  13:13  Pylon  
  143  13:14  Photon Cannon  
  143  13:15  Photon Cannon  
  143  13:16  Assimilator  
  143  13:20  Assimilator  
  143  13:23  Pylon  
  143  13:24  High Templar x3  
  149  13:31  Archon, Pylon  
  149  13:33  High Templar  
  149  13:34  Pylon  
  151  13:36  Pylon, Gravitic Drive  
  151  13:37  Archon  
  151  13:44  Photon Cannon  
  151  13:47  Photon Cannon  
  151  13:59  Charge  
  151  14:02  Psionic Storm  
  151  14:06  Void Ray  
  147  14:57  Protoss Shields Level 1  
  147  15:18  Probe  
  148  15:22  Probe  
  148  15:24  Probe x2  
  151  15:30  Probe x2  
  153  15:36  Probe x2  
  153  15:39  Probe, Resonating Glaives  
  153  15:42  Probe  
  157  15:50  Probe  
  157  15:54  Probe  
  157  15:55  Shield Battery  
  157  15:56  Shield Battery  
  159  15:58  Warp Prism, Shield Battery  
  159  16:00  Shield Battery  
  159  16:03  Extended Thermal Lance  
  159  16:04  Photon Cannon  
  165  16:06  Probe, Photon Cannon  
  165  16:08  Photon Cannon  
  162  16:20  Stargate  
  162  16:22  Stargate  
  162  16:25  Photon Cannon  
  162  16:26  Photon Cannon  
  162  16:29  Photon Cannon  
  162  16:31  Shield Battery  
  162  16:33  Warp Prism, Fleet Beacon  
  159  17:16  Tempest x3  
  177  17:50  Stalker x7  
  177  17:51  Stalker x3  
  197  18:01  Protoss Shields Level 2  
  197  18:04  Protoss Air Weapons Level 2  
  197  18:10  Anion Pulse-Crystals  
  197  18:39  Oracle  
  200  19:14  Graviton Catapult  
  187  20:56  Pylon  
  186  20:58  Pylon  
  186  21:02  Pylon  
  171  21:18  Stalker x2  
  171  21:19  Stalker x5  
  171  21:20  Stalker x3  
  83  21:48  High Templar x7  
  83  21:49  High Templar x3  
  83  21:53  Archon x5  
  82  22:21  Tempest x3  
  100  22:27  Zealot x7  
  100  22:28  Zealot x3  
  120  22:40  Nexus  
  119  22:55  Nexus  
  117  22:58  Pylon  
  117  23:01  Pylon  
  117  23:02  Pylon  
  117  23:04  Tempest  
  123  23:06  Assimilator  
  123  23:11  Assimilator  
  123  23:14  Pylon  
  123  23:31  Stalker  
  123  23:32  Stalker x4  
  123  23:33  Stalker x4  
  123  23:34  Stalker  
  141  24:28  Nexus  
  141  24:30  Pylon  
  141  24:31  Pylon  
  141  24:34  Assimilator  
  139  24:39  Assimilator  
  139  24:43  Pylon  
  137  24:45  Pylon  
  137  24:46  Stalker x4  
  145  24:54  Stalker x3  
  145  24:55  Stalker  
  145  24:56  Stalker  
  150  25:15  Sentry x2  
  150  25:16  Sentry x3  
  144  25:26  Protoss Shields Level 3  
  128  25:43  Void Ray  
  131  26:08  Mothership  
  121  26:11  Probe  
  130  26:19  Probe  
  130  26:23  Zealot x4  
  130  26:24  Zealot x6  
  151  26:29  Probe  
  152  26:41  Probe  
  153  26:53  Probe  
  150  27:05  Stalker  
  150  27:06  Stalker x5  
  153  27:24  Zealot x3  
  153  27:25  Zealot  
  159  27:36  Probe  
  157  27:44  Probe  
  158  27:50  Void Ray  
  163  27:54  Probe, Void Ray  
  166  28:06  Probe  
  167  28:18  Probe  
  163  28:44  High Templar x2  
  163  28:48  Zealot x6  
  175  28:50  Archon  
  175  28:51  Zealot x2  
  183  29:01  Nexus  
  179  29:03  Pylon  
  179  29:05  Pylon  
  179  29:09  Assimilator  
  179  29:14  Assimilator  
  171  29:57  Photon Cannon  
  171  30:00  Pylon, Photon Cannon  
  171  30:01  Pylon, Photon Cannon  
  171  30:03  Photon Cannon  
  171  30:15  Pylon  
  171  30:16  Pylon  
  135  30:34  Pylon  
  131  30:39  Photon Cannon  
  131  30:41  Photon Cannon  
  131  30:42  Photon Cannon  
  131  30:45  Photon Cannon  
  131  30:47  Photon Cannon  
  131  30:51  High Templar x5  
  131  30:53  Zealot x5  
  131  30:55  Archon x2  
  147  31:11  Probe  
  147  31:18  Photon Cannon  
  148  31:19  Photon Cannon  
  148  31:22  Photon Cannon  
  148  31:24  Probe  
  149  31:28  Pylon  
  149  31:36  Probe  
  150  31:46  Warp Prism  
  150  31:48  Probe  
  151  31:59  Protoss Ground Armor Level 1  
  151  32:00  Probe  
  136  32:22  Warp Prism  
  98  32:23  Probe, Stalker x4  
  98  32:24  Stalker  
  87  32:31  Probe  
  84  32:49  Stalker x3  
  83  33:26  Adept x3  
  83  33:27  Adept x5  
  91  33:28  Adept  
  101  33:57  Probe  
  102  34:09  Probe  
  100  34:20  Stalker x3  
  100  34:21  Probe, Stalker x2  
  109  34:34  Void Ray  
  85  35:39  Stalker  
Tags
 
Add a new tag
Caveats
  • Supply blocks, unpowered buildings, or Contaminate may cause inaccurate times.
  • Supply counts are checked every 10 seconds.